AoeStats
← xcmpierrexcm

MegaRandom

510724502Analyzed
2v2 RM · 23h ago on Oct 2, 2026· 51m 57s· 4 players
Game mode
Random Map
Map size
Medium (4 player)
Population
200
Speed
Normal
Resources
Standard
Victory
Conquest
Starting age
Dark Age
Ending age
Imperial Age
RankedLock teamsTeams togetherTeam positionsShared explorationLock speedFull tech treeHidden civsTurbo modeCheats
Victory
Defeat
🇫🇷 Khitans · France
1583
+13
🇧🇷 Slavs · Brazil
1384
+21
🇩🇪 Sicilians · Germany
1510
-17
🇩🇪 Magyars · Germany
1509
-17
xcmpierrexcm
6:05 Loom
9:31 Feudal Age
13:52 Forging
20:23 Castle Age
22:07 Iron Casting
29:58 Domestication
35:16 Husbandry
37:50 Double-Bit Axe
39:57 Wheelbarrow
45:15 Imperial Age
44:16 Scale Barding Armor
45:36 Elite Steppe Lancer
47:10 Chain Barding Armor
48:26 Bow Saw
49:29 Plate Barding Armor
JAEGARN
7:21 Loom
7:33 Loom
10:08 Feudal Age
10:52 Double-Bit Axe
20:30 Castle Age
18:14 Horse Collar
19:16 Scale Barding Armor
19:21 Forging
20:21 Gold Mining
21:25 Bloodlines
22:08 Town Watch
22:42 Husbandry
25:46 Wheelbarrow
25:58 Bow Saw
30:18 Chain Barding Armor
38:42 Heavy Plow
39:00 Hand Cart
45:33 Imperial Age
43:35 Fletching
45:27 Cavalier
47:17 Plate Barding Armor
47:18 Iron Casting
47:16 Crop Rotation
48:09 Scale Mail Armor
47:57 Pikeman
48:37 Squires
48:41 Bodkin Arrow
48:55 Halberdier
49:44 Light Cavalry
52:00 Ballistics
52:41 Chemistry
51:42 Padded Archer Armor
52:43 Blast Furnace
51:46 Padded Archer Armor
52:03 Chain Mail Armor
Nelloz
5:31 Loom
11:14 Feudal Age
16:15 Castle Age
16:49 Double-Bit Axe
26:03 Fervor
26:14 Sanctity
30:12 Wheelbarrow
29:22 Town Watch
30:28 Bloodlines
32:36 Forging
32:32 Scale Barding Armor
39:21 Chain Barding Armor
39:36 Iron Casting
39:24 Horse Collar
42:49 Husbandry
43:26 Iron Casting
46:34 Squires
51:07 Imperial Age
48:52 Scale Mail Armor
51:30 Hand Cart
51:06 Cavalier
pownerto
7:42 Loom
10:27 Feudal Age
14:50 Castle Age
15:13 Double-Bit Axe
16:44 Horse Collar
17:14 Horse Collar
23:00 Gold Mining
25:32 Sanctity
25:25 Fervor
28:24 Wheelbarrow
27:57 Heavy Plow
29:19 Scale Barding Armor
30:25 Chain Barding Armor
31:20 Pikeman
32:01 Scale Mail Armor
37:04 Herbal Medicine
37:13 Devotion
38:31 Chain Mail Armor
38:35 Fletching
44:06 Imperial Age
42:02 Arson
42:58 Town Watch
43:47 Hand Cart
45:26 Illumination
45:40 Theocracy
45:23 Block Printing
45:34 Illumination
45:29 Bodkin Arrow
45:00 Halberdier
46:54 Conscription
46:42 Bracer
49:02 Bow Saw
50:25 Padded Archer Armor
51:05 Plate Barding Armor
51:22 Ballistics
Connection lost

Rejoining the realm…

Still unreachable

The connection could not be restored.

Session expired

The server has moved on; the page needs a fresh start.